General information
- name: BNet
- type: Ladder team game (AT/RT)
- host: Battle.net
- saver: TRISS-MERIGOLD
map: DragonFalls
- players: 8
- length: 20:04
- speed: Fast
- version: 1.26 W3XP
- replay type: Public
» download(117 KB)
Players
team 1 (winner)
THISISHOWTOPLAY (
red | 107 APM | 2135 actions | 20:00)
4 Blademaster
2 Wind Walk
2 Critical Strike
» actions
| Assign group hotkey | 129 | |
| Basic commands | 1 | |
| Build / train | 51 | |
| Enter build submenu | 9 | |
| Enter hero's abilities submenu | 4 | |
| Give item / drop item | 3 | |
| Right click | 1176 | |
| Select / deselect | 122 | |
| Select group hotkey | 589 | |
| Use ability | 51 | |
2135 total
» units
» upgrades
| Liquid Fire | 1 | |
| Ranged Weapons | 1 | |
2 total
» buildings
| Altar of Storms | 1 | |
| Orc Burrow | 4 | |
| Voodoo Lounge | 1 | |
| Stronghold | 2 | |
| Beastiary | 2 | |
| Fortress | 1 | |
| War Mill | 1 | |
12 total
» build order
00:16 Altar of Storms
00:21 Orc Burrow
01:05 Voodoo Lounge
02:30 Stronghold
02:30 Stronghold
03:25 Orc Burrow
05:02 Beastiary
05:04 Fortress
05:05 Beastiary
05:13 Orc Burrow
05:15 War Mill
06:07 Orc Burrow
» items
| Healing Salve | 2 | |
| Lesser Clarity Potion | 4 | |
| Scroll of Speed | 1 | |
| Boots of Speed | 1 | |
| Staff of Teleportation | 1 | |
| Orb of Lightning | 1 | |
| Scroll of Town Portal | 1 | |
| Tiny Great Hall | 1 | |
12 total

»
TRISS-MERIGOLD (
green | 49 APM | 974 actions | 20:04)
7 Death Knight
3 Death Coil
3 Unholy Aura
1 Animate Dead
» actions
| Assign group hotkey | 29 | |
| Build / train | 39 | |
| Enter build submenu | 14 | |
| Enter hero's abilities submenu | 7 | |
| Give item / drop item | 1 | |
| Remove unit from queue | 1 | |
| Right click | 366 | |
| Select / deselect | 143 | |
| Select group hotkey | 345 | |
| Use ability | 29 | |
974 total
» units
| Acolyte | 7 | |
| Ghoul | 4 | |
| Gargoyle | 3 | |
| Frost Wyrm | 2 | |
16 total
» upgrades
| Creature Attack | 2 | |
| Creature Carapace | 2 | |
| Freezing Breath | 1 | |
5 total
» buildings
| Crypt | 2 | |
| Ziggurat | 6 | |
| Altar of Darkness | 1 | |
| Nerubian Tower | 1 | |
| Graveyard | 1 | |
| Halls of the Dead | 1 | |
| Black Citadel | 1 | |
| Sacrificial Pit | 1 | |
| Boneyard | 2 | |
| Tomb of Relics | 1 | |
| Necropolis | 1 | |
| Spirit Tower | 2 | |
20 total
» build order
00:09 Crypt
00:12 Ziggurat
00:33 Altar of Darkness
01:00 Ziggurat
01:45 Nerubian Tower
02:18 Graveyard
02:44 Halls of the Dead
03:11 Ziggurat
03:13 Ziggurat
03:14 Ziggurat
03:51 Ziggurat
05:06 Black Citadel
05:12 Sacrificial Pit
05:26 Crypt
07:45 Boneyard
07:46 Boneyard
07:58 Tomb of Relics
11:02 Necropolis
12:59 Spirit Tower
13:01 Spirit Tower
» items
| Staff of Teleportation | 1 | |
| Potion of Invisibility | 1 | |
| Orb of Corruption | 1 | |
3 total
Jay5uN.I7 (
purple | 41 APM | 811 actions | 20:00)
5 Death Knight
3 Death Coil
2 Unholy Aura
2 Lich
1 Frost Nova
1 Frost Armor
4 Dark Ranger
2 Black Arrow
2 Life Drain
» actions
| Build / train | 47 | |
| Enter build submenu | 13 | |
| Enter hero's abilities submenu | 9 | |
| Give item / drop item | 1 | |
| Right click | 358 | |
| Select / deselect | 334 | |
| Use ability | 49 | |
811 total
» units
| Acolyte | 2 | |
| Ghoul | 2 | |
| Crypt Fiend | 10 | |
| Obsidian Statue | 9 | |
23 total
» upgrades
| Web | 1 | |
| Destroyer Form | 1 | |
| Creature Attack | 1 | |
3 total
» buildings
| Crypt | 1 | |
| Ziggurat | 7 | |
| Altar of Darkness | 1 | |
| Graveyard | 1 | |
| Tomb of Relics | 1 | |
| Nerubian Tower | 1 | |
| Halls of the Dead | 1 | |
| Black Citadel | 1 | |
| Slaughterhouse | 1 | |
15 total
» build order
00:15 Crypt
00:34 Ziggurat
00:43 Altar of Darkness
01:05 Graveyard
01:34 Tomb of Relics
01:41 Nerubian Tower
02:06 Ziggurat
04:12 Halls of the Dead
04:34 Ziggurat
05:35 Ziggurat
06:36 Black Citadel
06:42 Slaughterhouse
08:35 Ziggurat
11:02 Ziggurat
11:04 Ziggurat
» items
| Rod of Necromancy | 2 | |
| Scroll of Town Portal | 1 | |
| Potion of Healing | 1 | |
4 total

»
DeadGuyPerez (
orange | 40 APM | 800 actions | 20:00)
5 Demon Hunter
3 Immolation
2 Evasion
3 Warden
2 Fan of Knives
1 Blink
» actions
| Assign group hotkey | 47 | |
| Basic commands | 17 | |
| Build / train | 68 | |
| Enter build submenu | 16 | |
| Enter hero's abilities submenu | 8 | |
| Give item / drop item | 6 | |
| Remove unit from queue | 1 | |
| Right click | 327 | |
| Select / deselect | 196 | |
| Select group hotkey | 81 | |
| Use ability | 33 | |
800 total
» units
» upgrades
| Strength of the Moon | 3 | |
| Moon Armor | 3 | |
| Ultravision | 1 | |
| Backpack | 1 | |
| Improved Bows | 1 | |
| Marksmanship | 1 | |
| Well Spring | 1 | |
11 total
» buildings
| Altar of Elders | 1 | |
| Moon Well | 7 | |
| Ancient of War | 3 | |
| Ancient of Wonders | 1 | |
| Hunter's Hall | 1 | |
| Tree of Life | 2 | |
| Tree of Ages | 1 | |
| Tree of Eternity | 1 | |
17 total
» build order
00:20 Altar of Elders
00:35 Moon Well
00:49 Ancient of War
01:43 Moon Well
01:57 Ancient of Wonders
02:19 Ancient of War
02:27 Moon Well
02:45 Moon Well
03:41 Hunter's Hall
05:27 Tree of Life
05:33 Tree of Ages
09:54 Ancient of War
09:57 Tree of Eternity
11:23 Moon Well
14:46 Moon Well
16:38 Tree of Life
16:48 Moon Well
» items
| Boots of Speed | 2 | |
| Periapt of Vitality | 2 | |
| Scroll of Town Portal | 1 | |
5 total
team 2 (loser)

»
Hippochop (
pink | 59 APM | 933 actions | 15:42)
3 Keeper of the Grove
2 Entangling Roots
1 Force of Nature
3 Priestess of the Moon
2 Trueshot Aura
1 Searing Arrows
» actions
| Assign group hotkey | 18 | |
| Basic commands | 50 | |
| Build / train | 57 | |
| ESC pressed | 4 | |
| Enter build submenu | 26 | |
| Enter hero's abilities submenu | 6 | |
| Give item / drop item | 2 | |
| Right click | 490 | |
| Select / deselect | 185 | |
| Select group hotkey | 40 | |
| Use ability | 55 | |
933 total
» units
| Wisp | 23 | |
| Archer | 10 | |
| Furbolg Shaman | 1 | |
| Druid of the Talon | 1 | |
| Faerie Dragon | 1 | |
| Hippogryph | 2 | |
| Thunder Lizard | 1 | |
39 total
» upgrades
| Ultravision | 1 | |
| Strength of the Wild | 2 | |
| Reinforced Hides | 1 | |
4 total
» buildings
| Moon Well | 5 | |
| Altar of Elders | 1 | |
| Ancient of War | 1 | |
| Ancient of Wonders | 2 | |
| Tree of Ages | 2 | |
| Hunter's Hall | 1 | |
| Ancient Protector | 6 | |
| Tree of Life | 2 | |
| Tree of Eternity | 1 | |
| Ancient of Wind | 1 | |
22 total
» build order
01:12 Moon Well
01:21 Altar of Elders
02:09 Ancient of War
02:31 Moon Well
03:11 Ancient of Wonders
04:22 Tree of Ages
04:24 Hunter's Hall
05:46 Ancient Protector
06:10 Moon Well
06:32 Tree of Life
08:25 Tree of Eternity
08:27 Ancient of Wind
10:34 Moon Well
10:35 Moon Well
11:14 Tree of Life
11:28 Ancient Protector
11:56 Ancient Protector
12:07 Ancient Protector
13:06 Ancient Protector
13:12 Ancient of Wonders
14:28 Ancient Protector
14:31 Tree of Ages
» items
| Lesser Clarity Potion | 1 | |
| Circlet of Nobility | 1 | |
| Dust of Appearance | 1 | |
3 total
wolfshirt (
yellow | 32 APM | 487 actions | 15:25)
3 Tauren Chieftain
2 War Stomp
1 Endurance Aura
» actions
| Assign group hotkey | 5 | |
| Build / train | 38 | |
| Enter build submenu | 19 | |
| Enter hero's abilities submenu | 3 | |
| Right click | 218 | |
| Select / deselect | 162 | |
| Select group hotkey | 5 | |
| Use ability | 37 | |
487 total
» units
| Peon | 9 | |
| Grunt | 8 | |
| Thunder Lizard | 1 | |
| Furbolg Shaman | 1 | |
| Satyr Shadowdancer | 2 | |
| Goblin Shredder | 1 | |
| Tauren | 4 | |
26 total
» upgrades
» buildings
| Altar of Storms | 1 | |
| Orc Burrow | 5 | |
| Barracks | 1 | |
| War Mill | 1 | |
| Stronghold | 1 | |
| Great Hall | 3 | |
| Voodoo Lounge | 2 | |
| Fortress | 1 | |
| Watch Tower | 1 | |
| Tauren Totem | 2 | |
18 total
» build order
00:13 Altar of Storms
00:32 Orc Burrow
01:03 Barracks
01:51 Orc Burrow
02:22 Orc Burrow
03:02 War Mill
03:30 Orc Burrow
04:21 Stronghold
05:32 Great Hall
05:41 Great Hall
06:22 Voodoo Lounge
06:28 Orc Burrow
06:45 Fortress
06:56 Watch Tower
09:43 Tauren Totem
11:16 Tauren Totem
12:53 Voodoo Lounge
14:09 Great Hall
» items
| Scroll of Town Portal | 1 | |
| Rod of Necromancy | 1 | |
| Potion of Mana | 1 | |
| Potion of Healing | 1 | |
4 total
Galadriel (
blue | 9 APM | 181 actions | 20:00)
1 Blademaster
1 Wind Walk
» actions
| Basic commands | 1 | |
| Build / train | 25 | |
| Enter build submenu | 11 | |
| Enter hero's abilities submenu | 1 | |
| Right click | 77 | |
| Select / deselect | 55 | |
| Use ability | 11 | |
181 total
» units
» upgrades
| Pillage | 1 | |
| Armor | 1 | |
| Shaman Training | 1 | |
3 total
» buildings
| Orc Burrow | 5 | |
| Altar of Storms | 1 | |
| Stronghold | 1 | |
| War Mill | 1 | |
| Beastiary | 2 | |
| Spirit Lodge | 1 | |
| Voodoo Lounge | 1 | |
12 total
» build order
00:10 Orc Burrow
00:34 Orc Burrow
00:58 Altar of Storms
02:18 Stronghold
02:44 War Mill
06:28 Beastiary
06:33 Spirit Lodge
06:39 Beastiary
06:47 Orc Burrow
06:51 Orc Burrow
06:57 Orc Burrow
07:05 Voodoo Lounge
» items
| Potion of Healing | 1 | |
| Potion of Mana | 1 | |
| Scroll of Speed | 1 | |
3 total

»
wargamer008 (
teal | 64 APM | 989 actions | 15:30)
3 Pandaren Brewmaster
1 Drunken Haze
2 Breath of Fire
» actions
| Assign group hotkey | 17 | |
| Basic commands | 37 | |
| Build / train | 41 | |
| ESC pressed | 1 | |
| Enter build submenu | 29 | |
| Enter hero's abilities submenu | 3 | |
| Right click | 282 | |
| Select / deselect | 225 | |
| Select group hotkey | 306 | |
| Use ability | 46 | |
989 total
» units
| Acolyte | 8 | |
| Ghoul | 5 | |
| Crypt Fiend | 4 | |
17 total
» upgrades
| Creature Attack | 2 | |
| Creature Carapace | 1 | |
| Web | 1 | |
4 total
» buildings
| Crypt | 2 | |
| Ziggurat | 15 | |
| Altar of Darkness | 1 | |
| Graveyard | 1 | |
| Nerubian Tower | 3 | |
| Tomb of Relics | 1 | |
| Halls of the Dead | 1 | |
| Spirit Tower | 6 | |
| Sacrificial Pit | 1 | |
| Black Citadel | 1 | |
| Boneyard | 3 | |
35 total
» build order
00:45 Crypt
00:48 Ziggurat
00:50 Altar of Darkness
00:59 Graveyard
01:16 Ziggurat
02:16 Nerubian Tower
03:03 Ziggurat
03:15 Nerubian Tower
03:24 Tomb of Relics
04:22 Ziggurat
05:08 Halls of the Dead
06:46 Ziggurat
06:48 Ziggurat
07:06 Ziggurat
07:41 Spirit Tower
08:13 Nerubian Tower
09:26 Spirit Tower
09:54 Sacrificial Pit
11:09 Spirit Tower
11:10 Black Citadel
11:13 Ziggurat
11:16 Ziggurat
11:20 Ziggurat
11:25 Spirit Tower
11:40 Ziggurat
11:43 Ziggurat
12:10 Spirit Tower
12:16 Spirit Tower
13:59 Boneyard
14:23 Boneyard
14:29 Boneyard
14:33 Crypt
14:37 Ziggurat
14:41 Ziggurat
14:44 Ziggurat
» items
| Dust of Appearance | 2 | |
| Sacrificial Skull | 1 | |
| Scroll of Town Portal | 1 | |
| Scroll of Speed | 1 | |
5 total
Chat log
(00:47 / Allies) DeadGuyPerez: so the japanese synthesized a new element
(00:52 / Allies) DeadGuyPerez: no. 113 apparently
(00:54 / Allies) TRISS-MERIGOLD: breaking news?
(00:59 / Allies) DeadGuyPerez: yeah
(01:04 / Allies) DeadGuyPerez: collided copper with bismuth
(01:07 / Allies) TRISS-MERIGOLD: how does it affect us
(01:07 / Allies) DeadGuyPerez: everybody loves bismuth
(01:13 / Allies) DeadGuyPerez: well
(01:19 / Allies) DeadGuyPerez: considering the element can only be created in a lab
(01:23 / Allies) DeadGuyPerez: and the labs are in japan
(01:29 / All) TRISS-MERIGOLD: kodos #1
(01:31 / Allies) TRISS-MERIGOLD: i see
(01:57 / All) wolfshirt: my kodos going to facefuck your army
(03:40 / Allies) TRISS-MERIGOLD: gargs worms here
(03:43 / Allies) TRISS-MERIGOLD: somebody get melee
(05:46 / Allies) TRISS-MERIGOLD: he may be mhing
(06:09 / Allies) THISISHOWTOPLAY: probs
(08:21 / Allies) Jay5uN.I7: LOL
(09:38 / Allies) THISISHOWTOPLAY: lol
(09:46 / Allies) THISISHOWTOPLAY: successful feed
(12:15 / Allies) TRISS-MERIGOLD: its already over
(12:24 / Allies) THISISHOWTOPLAY: ya
(12:40 / Allies) TRISS-MERIGOLD: u remind me of my big brother kodos
(13:57 / All) DeadGuyPerez: wow blue
(14:00 / All) DeadGuyPerez: nice
(15:20 / All) wolfshirt: fuck this shit team
(15:23 / All) TRISS-MERIGOLD: lolz
(15:25 / All) THISISHOWTOPLAY: ragequit
(15:26 / All) DeadGuyPerez: fuck you yellow
(15:28 / All) TRISS-MERIGOLD: hakcer down
(15:48 / Allies) TRISS-MERIGOLD: red, i give pics of my sister if u tell me ur aka
(16:02 / Allies) THISISHOWTOPLAY: pz.jim
(17:17 / Allies) TRISS-MERIGOLD: never heard u must be oldschool
(17:29 / Allies) THISISHOWTOPLAY: ya
(17:35 / Allies) THISISHOWTOPLAY: dont play this game too much anymore
(17:38 / Allies) TRISS-MERIGOLD: i am the janitor of 4v4, i clear rid of the hackers like akubo
(17:47 / Allies) THISISHOWTOPLAY: he is horrible
(17:58 / Allies) TRISS-MERIGOLD: daidai is the one i dislike the most
(18:13 / Allies) THISISHOWTOPLAY: raped him solo in tour a month ago
(18:14 / Allies) THISISHOWTOPLAY: hes bad
(18:23 / Allies) TRISS-MERIGOLD: daidai or akubo?
(18:27 / Allies) THISISHOWTOPLAY: daidai
(19:28 / Allies) TRISS-MERIGOLD: u ever play iggy-
(19:48 / Allies) THISISHOWTOPLAY: long time ago when he was semi pro
(20:00 / Allies) THISISHOWTOPLAY: he still play?